 Dungeon Crawl Stone Soup version 0.20-a0-1122-gb7cbeb9 (webtiles) character file.

64 M4edhros the Sneak (level 4, -12/28 HPs)
             Began as an Octopode Artificer on May 13, 2017.
             Mangled by an iguana (13 damage)
             ... on level 4 of the Dungeon.
             The game lasted 00:01:38 (651 turns).

M4edhros the Sneak (Octopode Artificer)              Turns: 651, Time: 00:01:39

Health: -12/28     AC:  1    Str: 11    XL:     4   Next: 12%
Magic:  0/6        EV: 13    Int: 13    God:
Gold:   48         SH:  3    Dex: 13    Spells: 3/3 levels left

rFire    . . .     SeeInvis .   a - +0 short sword
rCold    . . .     Gourm    .   p - +0 buckler
rNeg     . . .     Faith    .   (helmet restricted)
rPois    .         Spirit   +   k - amulet of guardian spirit
rElec    .         Reflect  .   (no ring)
rCorr    .         Harm     .   (no ring)
MR       .....                  (no ring)
Stlth    ++++......             (no ring)
Regen    0.1/turn               (no ring)
MPRegen  0.1/turn               (no ring)
                                (no ring)
                                (no ring)

@: no status effects
A: almost no armour, stealthy swim, amphibious, 8 rings, constrict 8, camouflage
1, gelatinous body 1
a: no special abilities


You were on level 4 of the Dungeon.
You were not hungry.

You visited 1 branch of the dungeon, and saw 4 of its levels.

You collected 93 gold pieces.
You spent 45 gold pieces at shops.

Inventory:

Hand Weapons
 a - a +0 short sword (weapon)
Armour
 p - a +0 buckler (worn)
Jewellery
 k - an amulet of guardian spirit (around mantle)
Wands
 b - a wand of flame (12/48)
 c - a wand of enslavement (12/24)
 d - a wand of random effects (12/48)
Scrolls
 g - 2 scrolls of enchant armour {unknown}
 h - 2 scrolls of fear {unknown}
 j - a scroll of enchant weapon {unknown}
 l - a scroll of random uselessness {unknown}
 m - a scroll of fog {unknown}
Potions
 e - a potion of heal wounds {unknown}
 i - a potion of curing {unknown}
 o - a potion of agility {unknown}
Comestibles
 f - 2 bread rations
 n - a royal jelly


   Skills:
 + Level 1.4 Fighting
 - Level 1.0 Short Blades
 + Level 2.2 Dodging
 + Level 4.7 Stealth
 + Level 0.8 Shields
 - Level 3.2 Evocations


You had 3 spell levels left.
You didn't know any spells.

Dungeon Overview and Level Annotations

Branches:
Dungeon (4/15)
 Temple: D:4-7

Altars:
Zin

Shops:
D:4 [[

Annotations:
D:2 Sigmund


Innate Abilities, Weirdness & Mutations

You cannot wear most types of armour.
You are very stealthy in the water. (Stealth+)
You are amphibious.
You can wear up to eight rings at the same time.
You can use your tentacles to constrict eight enemies at once.
Your skin changes colour to match your surroundings (Stealth+).
Your rubbery body absorbs attacks. (AC +1, EV +1)


Message History

Press: ? - help, Shift-Dir - straight line, f - iguana
Aim: an iguana (severely wounded)
The iguana flickers and vanishes!
Deactivating autopickup; reactivate with Ctrl-A.
This wand has 12 charges left.
Evoke which item? (* to show all) (? for menu, Esc to quit)
Aiming: Throw Flame
Press: ? - help, Shift-Dir - straight line, f - you The puff of flame hits something.
This wand has 14 charges left.
Evoke which item? (* to show all) (? for menu, Esc to quit)
Aiming: Throw Flame
Press: ? - help, Shift-Dir - straight line, f - you The puff of flame hits something.
This wand has 13 charges left.
Something bites you!
* * * LOW HITPOINT WARNING * * *
Evoke which item? (* to show all) (? for menu, Esc to quit)
Aiming: Throw Flame
Press: ? - help, Shift-Dir - straight line, f - you This wand has 12 charges left.
Something bites you!
You die...

#####....#+........# ..
.#.......#+........##...
.#......................
.#....................#
##......∩..............
##...........)###...#
....................#
...............{....#
................@.=.#
....................#
............).......#
........###+###......#
........# #......#
........# #......#
#......# #.......


There were no monsters in sight!

Vanquished Creatures
  A bat (D:1)
  A giant cockroach (D:4)
  4 hobgoblins
  8 jackals
  2 quokkas (D:2)
  2 frilled lizards (D:1)
  3 kobolds (D:2)
  A leopard gecko skeleton (D:4)
  2 rats (D:1)
24 creatures vanquished.

Vanquished Creatures (collateral kills)
  A kobold (D:1)
1 creature vanquished.

Vanquished Creatures (others)
  An ogre (D:4)
1 creature vanquished.

Grand Total: 26 creatures vanquished

Notes
Turn   | Place    | Note
-------+----------+-------------------------------------------
     0 | D:1      | M4edhros the Octopode Artificer began the quest for the Orb.
     0 | D:1      | Reached XP level 1. HP: 13/13 MP: 3/3
    61 | D:1      | Reached skill level 2 in Stealth
    68 | D:1      | Reached skill level 3 in Stealth
    68 | D:1      | Reached XP level 2. HP: 13/18 MP: 4/4
   240 | D:2      | Noticed Sigmund
   244 | D:2      | Found a glowing silver altar of Zin.
   400 | D:2      | Reached skill level 4 in Stealth
   402 | D:2      | Reached XP level 3. HP: 8/23 MP: 1/5
   531 | D:4      | Found Ythastris's Armour Shoppe.
   616 | D:4      | Found Tyqeusuw's Armour Emporium.
   630 | D:4      | Bought a +0 buckler for 45 gold pieces
   635 | D:4      | Noticed an ogre
   646 | D:4      | Reached XP level 4. HP: 6/28 MP: 2/6
   650 | D:4      | HP: 1/28 [something (6)]
   651 | D:4      | Mangled by an iguana

Vault maps used:
D:1:      minmay_arrival_up_and_down, lexackson_kobold_supper
D:2:      nicolae_overflow_crystal_walls, first_bread, uniq_sigmund,
          uniq_terence, uniq_crazy_yiuf_cottage
D:4:      okawaru_trees_2, lemuel_doored_altar, serial_shops, shop,
          shop_fountains, nicolae_shop_trees, shop, nicolae_shop_behind_doors,
          makhleb_blood_cavern_becter

Skill      XL: |  1  2 |
---------------+-------+-----
Stealth        | 3 4 |  4.7
Fighting       | |  1.4
Short Blades   | |  1.0
Dodging        | |  2.2
Shields        | |  0.8
Evocations     | |  3.2

Action                   |  1- 3 |  4- 6 || total
-------------------------+-------+-------++-------
Melee: Short sword       |    50 |       ||    50
       Constrict         |    17 |       ||    17
       Tentacles         |    10 |       ||    10
Evoke: Wand              |     5 |     4 ||     9
 Stab: Sleeping          |     1 |       ||     1
Armor: Skin              |     7 |       ||     7
Dodge: Dodged            |    48 |       ||    48
